Description

PvT Econ w/ Workers

Replay - [PvT] Kairos Junction LE - zuka, Rowrin - 07_49

Build Order

Get SALT Encoding   

  12  0:00  Probe  
  13  0:12  Probe  
  14  0:17  Pylon  
  14  0:20  Probe  
  15  0:31  Probe  
  15  0:39  Gateway  
  16  0:44  Probe  
  16  0:48  Assimilator  
  17  0:55  Probe  
  18  1:03  Probe  
  19  1:20  Probe  
  20  1:30  Nexus  
  20  1:39  Cybernetics Core  
  20  1:42  Probe  
  21  1:47  Assimilator  
  22  1:54  Probe  
  22  1:58  Pylon  
  22  2:06  Stalker, Probe  
  23  2:16  Warp Gate  
  23  2:18  Probe  
  26  2:30  Probe  
  26  2:36  Stalker  
  29  2:42  Probe x2  
  29  2:46  Robotics Facility  
  30  2:54  Probe x2  
  32  3:04  Probe x2  
  32  3:07  Twilight Council  
  34  3:14  Probe x2  
  34  3:16  Pylon  
  36  3:24  Immortal  
  36  3:26  Probe x2  
  42  3:38  Probe x2  
  43  3:43  Charge  
  44  3:49  Gateway x2  
  44  3:58  Warp Prism  
  44  4:05  Sentry  
  44  4:07  Gateway  
  48  4:15  Gateway  
  48  4:22  Gateway  
  48  4:29  Gateway  
  48  4:31  Zealot  
  50  4:35  Observer  
  50  4:37  Pylon  
  51  4:40  Gateway  
  51  4:47  Gateway x2  
  51  4:56  Sentry  
  51  4:57  Zealot  
  55  5:07  Shield Battery  
  55  5:16  Zealot x3  
  58  5:46  Stalker x7  
  57  6:07  Stalker x3  
  57  6:08  Probe x2  
  57  6:20  Probe x2  
  59  6:31  Stalker  
  62  6:32  Probe  
  62  6:34  Pylon x2  
  62  6:52  Probe  
  63  6:58  Stalker x6  
  68  7:15  Zealot x3  
  68  7:23  Zealot x2  
Spawning Tool Build Advisor. Get it on Overwolf

Go to:

Details

  • Created by: OHSHEE
  • Published on: May 19, 2019
  • Modified on: May 19, 2019
  • Patch: 4.7.1
Show
View Real Time Build Order
Export as new Build Order

Comments (0)

There are no comments. Be the first!

Create an account to comment!